 Dungeon Crawl Stone Soup version 0.17-a0-2093-gc772f4b (webtiles) character file.

0 ololoev the Firebug (level 1, -2/13 HPs)
             Began as a Demonspawn Fire Elementalist on Oct 16, 2015.
             Slain by a giant gecko (3 damage)
             ... on level 1 of the Dungeon.
             The game lasted 00:00:35 (122 turns).

ololoev the Firebug (Demonspawn Fire Elementalist)   Turns: 122, Time: 00:00:36

Health: -2/13      AC:  2    Str:  8    XL:     1   Next: 8%
Magic:  0/3        EV: 12    Int: 16    God:
Gold:   27         SH:  0    Dex: 13    Spells: 1 memorised, 3 levels left

rFire  . . .     SeeInvis .     (no weapon)
rCold  . . .     Clarity  .     a - +0 robe
rNeg   . . .     SustAt   .     (no shield)
rPois  .         Gourm    .     (no helmet)
rElec  .         Spirit   .     (no cloak)
rCorr  .         Warding  .     (no gloves)
rMut   .         Stasis   .     (no boots)
MR     .....                    (no amulet)
Stlth  ++........               (no ring)
                                (no ring)

@: very slightly contaminated, not resistant to hostile enchantments, unstealthy
A: no striking features
a: no special abilities

Inventory:

Armour
 a - a +0 robe (worn)
Potions
 d - a potion of curing {unknown}
Books
 b - a book of Flames

   Spells                             Type                      Level
   a - Flame Tongue                   Conjuration/Fire             1
   b - Throw Flame                    Conjuration/Fire             2
   c - Conjure Flame                  Conjuration/Fire             3
   d - Inner Flame                    Hexes/Fire                   3
   e - Sticky Flame                   Conjuration/Fire             4
   f - Fireball                       Conjuration/Fire             5
Comestibles
 c - a bread ration
 f - a beef jerky


   Skills:
 - Level 1.7 Dodging
 - Level 1.7 Stealth
 + Level 2.0 Spellcasting
 * Level 1.0 Conjurations
 + Level 2.7 Fire Magic


You had 3 spell levels left.
You knew the following spells:

 Your Spells              Type           Power        Failure   Level  Hunger
a - Flame Tongue          Conj/Fire      #....        12%         1    #......


You were on level 1 of the Dungeon.
You were not hungry.

You visited 1 branch of the dungeon, and saw 1 of its levels.

You collected 27 gold pieces.

. .. #..#.†.###...
.......#.#.........
###.###.#....(..#.#
#......##.#.#
......#....#.#.#
.....#...#..#...###
..................#
..#.............#.#### .
...........@l......#
.....#.#...###...####
%...#........#..# ####
#####.##....# ## #..
##..##..[...# .##.#
#.##.#####..### .#.#
###.###(.......### #..#
####..##.#.##.......##
##.###...#####..##....#...#

Notes
Turn   | Place    | Note
--------------------------------------------------------------
     0 | D:1      | ololoev the Demonspawn Fire Elementalist began the quest for the Orb.
     0 | D:1      | Reached XP level 1. HP: 13/13 MP: 3/3
   122 | D:1      | Slain by a giant gecko

Dungeon Overview and Level Annotations

Branches:
Dungeon (1/15)

Altars:


Message History

Aim: a giant gecko (clinging)
The flame tongue hits the giant gecko.
The giant gecko appears unharmed.
Casting: Flame Tongue
Confirm with . or Enter, or press ? or * to list all spells.
Aiming: Flame Tongue
Press: ? - help, Shift-Dir - straight line, f/p - giant gecko
Aim: a giant gecko (clinging)
The flame tongue misses the giant gecko.
Casting: Flame Tongue
Confirm with . or Enter, or press ? or * to list all spells.
Aiming: Flame Tongue
Press: ? - help, Shift-Dir - straight line, f/p - giant gecko
Aim: a giant gecko (clinging)
The flame tongue hits the giant gecko.
The giant gecko is heavily wounded.
The giant gecko bites you. The giant gecko barely misses you.
Found 5 fruits.
The giant gecko closely misses you. The giant gecko bites you.
Casting: Flame Tongue
Confirm with . or Enter, or press ? or * to list all spells.
Aiming: Flame Tongue
Press: ? - help, Shift-Dir - straight line, f/p - giant gecko
Aim: a giant gecko (heavily wounded, clinging)
The flame tongue misses the giant gecko.
The giant gecko bites you. The giant gecko bites you.
The giant gecko bites you.
Casting: Flame Tongue
Confirm with . or Enter, or press ? or * to list all spells.
Aiming: Flame Tongue
Press: ? - help, Shift-Dir - straight line, f/p - giant gecko
Aim: a giant gecko (heavily wounded, clinging)
You miscast Flame Tongue.
You are very lightly contaminated with residual magic.
You hear a sizzling sound.
The giant gecko barely misses you. The giant gecko bites you.
You die...

You could see a giant gecko.

Vanquished Creatures
  A rat (D:1)
1 creature vanquished.

Action                   || total
-------------------------++-------
 Cast: Flame Tongue      ||     5

Vault maps used:
D:1:      dpeg_arrival_signposts
